 Dungeon Crawl Stone Soup version 0.22.1-1-ga44c0e56f4 (webtiles) character file.

10260 Peloso the Carver (level 11, -2/95 HPs)
             Began as a Minotaur Fighter on Oct 28, 2018.
             Was a High Priest of Okawaru.
             Shot with an arrow by Nessos (6 damage)
             ... on level 12 of the Dungeon.
             The game lasted 00:26:45 (9814 turns).

Peloso the Carver (Minotaur Fighter)                Turns: 9814, Time: 00:26:46

Health: -2/95      AC: 17    Str: 22    XL:     11   Next: 33%
Magic:  10/10      EV:  7    Int:  5    God:    Okawaru [*****.]
Gold:   591        SH: 12    Dex: 12    Spells: 10/10 levels left

rFire    . . .     SeeInvis .   a - +0 long sword
rCold    + . .     Gourm    .   c - +0 shield
rNeg     . . .     Faith    .   b - +1 plate armour
rPois    .         Spirit   .   (helmet restricted)
rElec    .         Reflect  .   y - +0 cloak
rCorr    .         Harm     +   (no gloves)
MR       .....                  (no boots)
Stlth    ..........             t - amulet of harm
HPRegen  0.25/turn              (no ring)
MPRegen  0.12/turn              s - ring of protection from cold

@: lethally poisoned (-2 -> -30), about to teleport
A: retaliatory headbutt, horns 2
a: Heroism, Finesse, Renounce Religion


You were on level 12 of the Dungeon.
You worshipped Okawaru.
Okawaru was extremely pleased with you.
You were not hungry.

You visited 2 branches of the dungeon, and saw 13 of its levels.

You collected 640 gold pieces.
You spent 49 gold pieces at shops.

Inventory:

Hand Weapons
 a - a +0 long sword (weapon)
 m - a +0 whip of flaming
 B - the +4 spear of Seuvvouph {drain, rElec MR+ Dex+4}
   (You found it on level 5 of the Dungeon)

   A truly terrible weapon, it drains the life of those it strikes.
   It affects your dexterity (+4).
   It insulates you from electricity.
   It affects your resistance to hostile enchantments.
 C - the +1 flail "Qaav" {elec, Int+4}
   (You found it on level 9 of the Dungeon)

   Occasionally, upon striking a foe, it will discharge some electrical energy
   and cause terrible harm.
   It affects your intelligence (+4).
Armour
 b - a +1 plate armour (worn)
 c - a +0 shield (worn)
 q - a +2 chain mail of cold resistance
 y - a +0 cloak (worn)
Jewellery
 s - a ring of protection from cold (right hand)
 t - an amulet of harm (around neck)
Wands
 A - a wand of iceblast (8)
 D - a wand of enslavement (5)
 E - a wand of flame (83)
 F - a wand of acid (6)
 H - a wand of polymorph (10)
 L - a wand of digging (8)
Scrolls
 i - 2 scrolls of enchant weapon {unknown}
 j - 2 scrolls of teleportation
 k - 3 scrolls of remove curse
 p - a scroll of magic mapping
 v - a scroll of amnesia
 w - 3 scrolls of identify
 J - a scroll of enchant armour
Potions
 d - 2 potions of might
 e - a potion of berserk rage
 g - a potion of magic
 h - 3 potions of resistance
 l - 2 potions of brilliance
 n - a potion of cancellation
 o - 6 potions of curing
 r - 2 potions of invisibility
 u - a potion of flight
 x - 3 potions of heal wounds
 z - 3 potions of ambrosia
 G - 2 potions of haste
 I - a potion of agility {unknown}
Comestibles
 f - 24 rations
 K - 5 chunks of flesh


   Skills:
 + Level 8.8 Fighting
 + Level 12.5 Long Blades
 + Level 10.4 Armour
 + Level 3.0 Dodging
 + Level 0.9 Stealth
 + Level 11.6 Shields


You had 10 spell levels left.
You didn't know any spells.
Your spell library contained the following spells:

 Spells                   Type           Power        Failure   Level  Hunger
 Animate Skeleton         Necr           N/A          100%        1    ##.....
 Pain                     Necr           #...         100%        1    ##.....
 Regeneration             Chrm/Necr      #.........   100%        3    ####...
 Vampiric Draining        Necr           #.........   100%        3    ####...
 Animate Dead             Necr           N/A          100%        4    #####..


Dungeon Overview and Level Annotations

Branches:
Dungeon (12/15)            Temple (1/1) D:6            Lair (0/6) D:11
    Orc (0/2) D:10

Altars:
Ashenzari
Cheibriados
Dithmenos
Elyvilon
Fedhas
Gozag
Hepliaklqana
Kikubaaqudgha
Makhleb
Nemelex Xobeh
Okawaru
Qazlal
Ru
Sif Muna
Trog
Uskayaw
Vehumet
Wu Jian
Xom
Yredelemnul
Zin
The Shining One

Shops:
D:4 (   D:9 *   D:11 :

Annotations:
D:10 3 runed doors, twirl's ghost, novice MiBe
D:12 Nessos


Innate Abilities, Weirdness & Mutations

You reflexively headbutt those who attack you in melee.
You have a pair of horns on your head.


Message History

The brown ugly thing gurgles horribly!
Nessos blinks! x2
Nessos pounds the earth with his hooves.
Nessos wields a glowing longbow.
It bursts into flame!
Nessos shoots an arrow.
You block the arrow.
Nessos shoots an arrow.
You block the arrow.
You see here 2 arrows.
Nessos shoots an arrow.
The arrow hits you! The arrow burns you.
You are poisoned.
You see here an arrow.
Unknown command.
As you read the scroll of teleportation, it crumbles to dust.
You feel strangely unstable.
You feel sick.
Nessos shoots an arrow.
The arrow hits you! The arrow burns you!
You are more poisoned.
Nessos shoots an arrow.
The arrow closely misses you.
You feel sick.
Nessos shoots an arrow.
The arrow hits you!!
* * * LOW HITPOINT WARNING * * *
The arrow burns you.
You are more poisoned.
You die...

.###########.#######...(..#
.................# #......#
############.###c# #......#
#...#.# #......#
###.#.#........#
#.#.#.##.....# #.#.#.
......# #.#.# #......#
#.#@# #.#(# #.#u# #.# #.#
#.# ..# ... ...


You could see Nessos and a brown ugly thing.

Vanquished Creatures
  Harold (D:11)
  An unseen horror (D:10)
  A cyclops (D:12)
  A manticore (D:11)
  3 hippogriffs
  A vampire (D:11)
  10 yaks
  A wyvern (D:11)
  Eustachio (D:6)
  Duvessa (D:7)
  A black bear (D:4)
  3 orc warriors
  3 ice beasts
  A phantom (D:9)
  2 sky beasts
  8 ogres
  10 centaurs
  A big kobold (D:8)
  5 bullfrogs
  3 scorpions
  Dowan (D:7)
  A wyvern skeleton (D:10)
  A water moccasin skeleton (D:8)
  15 killer bees
  A howler monkey (D:4)
  7 crimson imps
  A bullfrog zombie (D:7)
  A quasit (D:8)
  4 jellies
  2 hounds
  2 bullfrog skeletons (D:8)
  8 orc priests
  2 centaur skeletons
  A gnoll shaman (D:8)
  An iguana (D:11)
  14 orc wizards
  9 worker ants
  A killer bee zombie (D:8)
  2 hound zombies
  12 gnolls
  A howler monkey skeleton (D:8)
  13 adders
  4 shadow imps
  An adder skeleton (D:6)
  An adder zombie (D:5)
  6 worms
  4 dart slugs
  5 leopard geckos
  32 orcs
  9 bats
  9 giant cockroaches
  12 goblins
  12 hobgoblins
  6 kobolds
  5 quokkas
  2 ball pythons
  4 frilled lizards
  A jackal skeleton (D:4)
  A leopard gecko skeleton (D:5)
  A leopard gecko zombie (D:6)
  10 rats
283 creatures vanquished.

Notes
Turn   | Place    | Note
-------+----------+-------------------------------------------
     0 | D:1      | Peloso the Minotaur Fighter began the quest for the Orb.
     0 | D:1      | Reached XP level 1. HP: 19/19 MP: 0/0
   149 | D:1      | Reached XP level 2. HP: 21/27 MP: 1/1
   404 | D:1      | Reached skill level 3 in Long Blades
   796 | D:2      | Reached XP level 3. HP: 33/33 MP: 2/2
   985 | D:2      | Reached XP level 4. HP: 37/40 MP: 3/3
  1299 | D:2      | Reached skill level 4 in Long Blades
  1640 | D:3      | Reached XP level 5. HP: 28/47 MP: 4/4
  1683 | D:3      | Reached skill level 5 in Long Blades
  2301 | D:4      | Reached skill level 5 in Armour
  2301 | D:4      | Reached XP level 6. HP: 53/53 MP: 5/5
  2404 | D:4      | Reached skill level 5 in Shields
  2592 | D:4      | Reached skill level 6 in Long Blades
  2592 | D:4      | Reached XP level 7. HP: 56/60 MP: 6/6
  2664 | D:4      | Found Hegyque's Weapon Shoppe.
  2699 | D:4      | Reached skill level 1 in Dodging
  2892 | D:5      | Entered Level 5 of the Dungeon
  3204 | D:5      | Reached skill level 5 in Fighting
  3242 | D:5      | Reached skill level 7 in Long Blades
  3304 | D:5      | Reached XP level 8. HP: 36/68 MP: 7/7
  3528 | D:5      | Got a warped spear
  3531 | D:5      | Identified the +4 spear of Seuvvouph {drain, rElec MR+
                  | Dex+4} (You found it on level 5 of the Dungeon)
  3757 | D:6      | Found a staircase to the Ecumenical Temple.
  3770 | Temple   | Entered the Ecumenical Temple
  3820 | Temple   | Became a worshipper of Warmaster Okawaru
  3881 | D:6      | Reached skill level 8 in Long Blades
  4020 | D:6      | Found a blossoming altar of Fedhas.
  4090 | D:6      | Noticed Eustachio
  4124 | D:6      | Killed Eustachio
  4153 | D:6      | Found a bloodstained altar of Trog.
  4603 | D:7      | Noticed Dowan
  4604 | D:7      | Noticed Duvessa
  4624 | D:7      | Killed Dowan
  4633 | D:7      | Killed Duvessa
  4633 | D:7      | Reached * piety under Okawaru
  4633 | D:7      | Reached XP level 9. HP: 57/75 MP: 8/8
  5045 | D:7      | Reached skill level 9 in Long Blades
  5176 | D:7      | Found a glowing golden altar of the Shining One.
  6082 | D:8      | Reached ** piety under Okawaru
  6249 | D:8      | Reached skill level 10 in Long Blades
  6290 | D:8      | Reached *** piety under Okawaru
  6290 | D:8      | Reached skill level 10 in Shields
  6490 | D:8      | Reached XP level 10. HP: 76/84 MP: 9/9
  7084 | D:8      | Reached skill level 11 in Long Blades
  7213 | D:9      | Got a twisted flail
  7228 | D:9      | Identified the cursed +1 flail "Qaav" {elec, Int+4} (You
                  | found it on level 9 of the Dungeon)
  7327 | D:9      | Reached **** piety under Okawaru
  7358 | D:9      | Found Wuzeylu's General Store.
  7363 | D:9      | Bought a scroll of magic mapping for 49 gold pieces
  7552 | D:10     | Entered Level 10 of the Dungeon
  7552 | D:10     | Found a runed door.
  7554 | D:10     | Noticed twirl's ghost (novice MiBe)
  7670 | D:10     | Found a staircase to the Orcish Mines.
  7756 | D:10     | Found a runed door.
  7831 | D:10     | Found a runed door.
  7872 | D:10     | Killed an unseen horror
  8378 | D:11     | Noticed a manticore
  8395 | D:11     | Killed a manticore
  8482 | D:11     | Reached skill level 12 in Long Blades
  8496 | D:11     | Reached XP level 11. HP: 44/94 MP: 10/10
  8508 | D:11     | Reached skill level 10 in Armour
  8680 | D:11     | Noticed Harold
  8700 | D:11     | Killed Harold
  8700 | D:11     | Reached ***** piety under Okawaru
  9015 | D:11     | Found Ryupn's Book Emporium.
  9187 | D:11     | Found a staircase to the Lair.
  9749 | D:12     | Received a gift from Okawaru
  9805 | D:12     | Noticed Nessos
  9810 | D:12     | Noticed a brown ugly thing
  9814 | D:12     | HP: 4/95 [Nessos/arrow (24)]
  9814 | D:12     | Shot with an arrow by Nessos

Skill      XL: |  1  2  3  4  5  6  7  8  9 10 11 |
---------------+----------------------------------+-----
Fighting       | 4 5 6 8 |  8.8
Long Blades    | 3 4 5 6 7 8 10 12 | 12.5
Armour         | 4 5 6 7 8 9 10 | 10.4
Shields        | 4 5 6 7 10 11 | 11.6
Dodging        | 1 2 3 |  3.0
Stealth        | |  0.9

Action                   |  1- 3 |  4- 6 |  7- 9 | 10-12 || total
-------------------------+-------+-------+-------+-------++-------
Melee: Long sword        |    90 |   159 |   405 |   381 ||  1035
       Headbutt          |    13 |    29 |    88 |    86 ||   216
       Spear             |       |       |     3 |       ||     3
Invok: Heroism           |       |       |     1 |     1 ||     2
  Use: Scroll            |       |     2 |    20 |     4 ||    26
       Potion            |       |       |       |     1 ||     1
  Eat: Chunk             |       |     6 |    12 |    12 ||    30
Armor: Scale mail        |    22 |       |       |       ||    22
       Chain mail        |    18 |    98 |   113 |       ||   229
       Plate armour      |       |       |    88 |   158 ||   246
Dodge: Dodged            |    20 |    27 |    73 |    86 ||   206
Block: Shield            |    47 |    79 |   239 |   231 ||   596
       Rpst.: Long sword |     7 |     7 |    20 |    27 ||    61
